 Dungeon Crawl Stone Soup version 0.21.1-1-g345015fe64 (webtiles) character file.

77 DildoBatman the Sneak (level 4, -10/35 HPs)
             Began as a Formicid Enchanter on Mar 20, 2018.
             Killed by divine providence
             ... invoked by an orc priest
              (16 damage)
             ... on level 3 of the Dungeon.
             The game lasted 00:05:57 (2492 turns).

DildoBatman the Sneak (Formicid Enchanter)          Turns: 2492, Time: 00:05:58

Health: -10/35     AC:  6    Str: 13    XL:     4   Next: 60%
Magic:  7/7        EV:  9    Int: 15    God:
Gold:   238        SH:  0    Dex: 11    Spells: 3/7 levels left

rFire    . . .     SeeInvis +   b - +0 hunting sling
rCold    . . .     Gourm    .   (no shield)
rNeg     . . .     Faith    .   h - +0 scale mail
rPois    .         Spirit   .   (helmet unavailable)
rElec    .         Reflect  .   (no cloak)
rCorr    .         Harm     .   (no gloves)
MR       .....                  (no boots)
Stlth    +.........             (no amulet)
HPRegen  0.11/turn              (no ring)
MPRegen  0.10/turn              (no ring)

@: no status effects
A: permanent stasis, dig shafts and tunnels, four strong arms, antennae 3
a: Dig, Shaft Self


You were on level 3 of the Dungeon.
You were not hungry.

You visited 1 branch of the dungeon, and saw 3 of its levels.

You collected 238 gold pieces.

Inventory:

Hand Weapons
 a - a +1 dagger
 b - a +0 hunting sling (weapon)
 t - a +0 hand axe
Missiles
 f - 17 stones (quivered)
 q - 10 arrows
Armour
 e - a +0 ring mail
 h - a +0 scale mail (worn)
 w - a cursed +0 leather armour
Jewellery
 i - an uncursed amulet of regeneration {unknown}
Scrolls
 j - 2 scrolls of enchant weapon {unknown}
 k - a scroll of remove curse {unknown}
 l - 4 scrolls of identify {unknown}
 m - a scroll of immolation {unknown}
 u - a scroll of random uselessness {unknown}
Potions
 d - a potion of mutation {unknown}
 g - a potion of heal wounds {unknown}
 n - 6 potions of curing
 o - 2 potions of invisibility {unknown}
 p - a potion of ambrosia {unknown}
 s - a potion of brilliance {unknown}
Books
 c - a book of Maledictions

   Spells                             Type                      Level
   a - Corona                         Hexes                        1
   b - Ensorcelled Hibernation        Hexes/Ice                    2
   c - Confuse                        Hexes                        3
   d - Tukima's Dance                 Hexes                        3
   e - Dazzling Spray                 Conjuration/Hexes            3
Comestibles
 v - 6 rations


   Skills:
 - Level 3.0 Fighting
 - Level 1.0 Short Blades
 * Level 2.1 Armour
 - Level 2.0 Dodging
 - Level 4.0 Stealth
 - Level 2.1 Spellcasting
 - Level 3.6 Hexes


You had 3 spell levels left.
You knew the following spells:

 Your Spells              Type           Power        Failure   Level  Hunger
a - Corona                Hex            ##.....      22%         1    #......
b - Confuse               Hex            ##......     56%         3    ###....


Dungeon Overview and Level Annotations

Branches:
Dungeon (3/15)

Altars:
Trog
Zin


Innate Abilities, Weirdness & Mutations

You cannot be hasted, slowed, berserked, paralysed or teleported.
You can dig through walls and to a lower floor.
Your four strong arms can wield two-handed weapons with a shield.
You have a pair of large antennae on your head. (SInv)


Message History

The stone barely misses the orc.
The stone barely misses the orc priest.
The orc hits you with a hand axe.
Firing (i - inventory):
f - 19 stones (quivered)
Press: ? - help, Shift-Dir - straight line, f/p - orc
Aim: an orc, wielding a hand axe and wearing a leather armour (moderately wounded)
You shoot a stone. The stone closely misses the orc.
The stone closely misses the orc priest.
The orc hits you with a hand axe.
Firing (i - inventory):
f - 18 stones (quivered)
Press: ? - help, Shift-Dir - straight line, f/p - orc
Aim: an orc, wielding a hand axe and wearing a leather armour (moderately wounded)
You shoot a stone. The stone barely misses the orc.
The stone hits the orc priest but does no damage.
The orc priest is heavily wounded.
The orc priest invokes the aid of Beogh against you.
Beogh smites you!
You die...

####### #.....#
#.....# #.....#
#.....#
#.....########..
#.......@oo(((((
#.....########..
#.....#.#
#.......#
#.....#.#
#.....#.#
#.....#.#
#.....#.#
###########.#


You could see an orc priest and an orc.

Vanquished Creatures
  2 adders
  A worm (D:2)
  2 dart slugs (D:1)
  2 orcs (D:3)
  4 bats
  6 giant cockroaches
  7 goblins
  5 hobgoblins
  A quokka (D:2)
  5 frilled lizards
  6 kobolds
  8 rats
49 creatures vanquished.

Notes
Turn   | Place    | Note
-------+----------+-------------------------------------------
     0 | D:1      | DildoBatman the Formicid Enchanter began the quest for the Orb.
     0 | D:1      | Reached XP level 1. HP: 13/13 MP: 3/3
   224 | D:1      | Reached skill level 1 in Fighting
   250 | D:1      | Reached XP level 2. HP: 20/22 MP: 1/5
   484 | D:1      | Reached XP level 3. HP: 21/28 MP: 6/6
   489 | D:1      | Learned a level 3 spell: Confuse
  1055 | D:2      | HP: 1/29 [poisoned by an adder]
  1383 | D:2      | Found a glowing silver altar of Zin.
  1650 | D:2      | Reached XP level 4. HP: 28/35 MP: 5/7
  1764 | D:2      | Reached skill level 1 in Armour
  1764 | D:2      | Reached skill level 4 in Stealth
  1986 | D:2      | Found a bloodstained altar of Trog.
  2492 | D:3      | Killed from afar by an orc priest

Skill      XL: |  1  2  3  4 |
---------------+-------------+-----
Fighting       | 1 2 3 |  3.0
Dodging        | 2 |  2.0
Armour         | 2 |  2.1
Stealth        | 4 |  4.0
Short Blades   | |  1.0
Spellcasting   | |  2.1
Hexes          | |  3.6

Action                   |  1- 3 |  4- 6 || total
-------------------------+-------+-------++-------
Melee: Dagger            |   174 |    17 ||   191
       Hand axe          |       |    17 ||    17
 Fire: Hunting sling     |       |    45 ||    45
 Cast: Corona            |    12 |     7 ||    19
 Abil: Dig               |     8 |     1 ||     9
  Use: Potion            |     1 |       ||     1
 Stab: Sleeping          |     1 |       ||     1
  Eat: Chunk             |     3 |     3 ||     6
Armor: Plate armour      |     7 |       ||     7
       Ring mail         |     3 |       ||     3
       Scale mail        |    90 |    20 ||   110
Dodge: Dodged            |    97 |    30 ||   127
